 Dungeon Crawl Stone Soup version 0.30-b1-2-g02819fbbbe (webtiles) character file.

Game seed: 5746679205211670482

238 qborf the Sneak (level 6, -4/66 HPs)
             Began as a Formicid Enchanter on May 14, 2023.
             Succumbed to a kobold's poison
             ... in a sewer.
             The game lasted 00:05:53 (2324 turns).

qborf the Sneak (Formicid Enchanter)                Turns: 2324, Time: 00:05:53

Health: -4/66      AC: 23    Str: 13    XL:     6   Next: 28%
Magic:  4/10       EV:  2    Int: 16    God:
Gold:   134        SH:  0    Dex: 14    Spells: 3/11 levels left

rFire   + + .        a - +1 dagger (drain)
rCold   + . .        (no shield)
rNeg    . . .        b - melded +0 robe
rPois   +            (helmet unavailable)
rElec   +            (cloak currently unavailable)
rCorr   +            (gloves currently unavailable)
SInv    .            (boots currently unavailable)
Will    +....        (no amulet)
Stlth   +++          h - ring of protection from fire
HPRegen 0.31/turn    q - ring "Iroaxo" {Fly Will+}
MPRegen 0.12/turn

%: no passive effects
@: brilliant, lethally poisoned (-4 -> -25), tree-form, resistant, very slow
A: stationary, stasis, torment immunity, boosted hp, permanent stasis, dig
shafts and tunnels, (antennae 3), four strong arms
a: no special abilities


You were in a sewer.
You were a tree.
You visited 1 branch of the dungeon, and saw 3 of its levels.
You also visited: Sewer.

You collected 134 gold pieces.

Inventory:

Hand Weapons
 a - a +1 dagger of draining (weapon)
Missiles
 n - 4 poisoned darts
Armour
 b - a +0 robe (melded)
Jewellery
 h - a ring of protection from fire (left branch)
 q - the ring "Iroaxo" (right branch) {Fly Will+}
   (You found it on level 2 of the Dungeon)

   [ring of flight]

   Fly:       It grants you flight.
   Will:      It increases your willpower.
Scrolls
 d - a scroll of fog
 f - a scroll of blinking {unknown}
 p - a scroll of enchant weapon {unknown}
Potions
 c - 2 potions of invisibility
 i - 2 potions of brilliance
 l - a potion of lignification
 o - a potion of attraction {unknown}


   Skills:
 + Level 2.2 Fighting
 + Level 2.2 Short Blades
 - Level 1.7 Dodging
 * Level 5.4 Stealth
 + Level 3.0 Spellcasting
 * Level 5.2 Hexes


You had 3 spell levels left.
You knew the following spells:

 Your Spells              Type           Power      Damage    Failure   Level
a - Ensorcelled Hibernat  Hex/Ice        32%        N/A       10%         2
b - Confusing Touch       Hex            28%        N/A       7%          3
c - Tukima's Dance        Hex            28%        N/A       7%          3

Your spell library contained the following spells:

 Spells                   Type           Power      Damage    Failure   Level
 Dazzling Flash           Conj/Hex       32%        N/A       19%         3
 Vampiric Draining        Necr           3%         2d6       50%         3
 Animate Dead             Necr           3%         N/A       88%         4
 Malign Gateway           Summ/Tloc      1%         N/A       100%        7


Dungeon Overview and Level Annotations

Branches:
Dungeon (3/15)              Sewer (1/1)

Altars:


Innate Abilities, Weirdness & Mutations

You are a tree.
Your roots penetrate the ground, keeping you stationary.
You cannot be teleported.
You are immune to unholy pain and torment.
Your maximum health is greatly increased.
Your equipment is partially melded.
You cannot be hasted, slowed, berserked, paralysed or teleported.
You can dig through walls and to a lower floor.
((You have a pair of large antennae on your head. (SInv)))
Your four strong arms can wield two-handed weapons with a shield.


Message History

Press: ? - help, Shift-Dir - straight line, f - kobold
Aim: a kobold, wielding a +0 short sword and quivering poisoned darts (51% to hit)
You throw a poisoned dart. The poisoned dart hits the kobold.
The kobold is poisoned.
You feel sick.
The kobold throws a poisoned dart.
The poisoned dart hits you!
You are lethally poisoned!
Throw: 5 darts (poison)
Press: ? - help, Shift-Dir - straight line, f/p - kobold
Aim: a kobold, wielding a +0 short sword and quivering poisoned darts (poisoned, 51% to hit)
You throw a poisoned dart.
The poisoned dart closely misses the kobold.
The poisoned dart barely misses the quasit.
* * * LOW HITPOINT WARNING * * *
You feel very sick.
It was a potion of brilliance.
You feel clever all of a sudden.
* * * LOW HITPOINT WARNING * * *
You feel very sick.
The kobold throws a poisoned dart.
The poisoned dart barely misses you.
It was a potion of lignification.
You turn into a tree.
Your +0 robe melds into your body.
Your roots penetrate the ground.
Splash!
You fall into the shallow water.
Moving in this stuff is going to be slow.
* * * LOW HITPOINT WARNING * * *
You feel sick.
The kobold throws a poisoned dart.
The poisoned dart hits you!
You are lethally poisoned!
It was a potion of haste.
Your stasis prevents you from being hasted.
* * * LOW HITPOINT WARNING * * *
You feel very sick.
The kobold looks more healthy.
It was a potion of resistance.
You feel protected.
* * * LOW HITPOINT WARNING * * *
You feel very sick.
The kobold throws a poisoned dart.
The poisoned dart hits you!
You are more poisoned.
It was a potion of flight.
Your roots keep you in place.
You die...

{{ { §.' ..{{.' {
.§{SS ...#
#########'#########
#≈~≈≈~°#...#≈≈≈≈≈~#
#~♣~~°≈5.○..~~~.~~~
#)○).°K#...#......#
#○#######≈#######)#
#......#≈≈≈#......#
#~~....#≈≈≈#....~~#
#≈~≈≈~...≈.).~≈≈≈≈#
#≈≈≈≈≈~#...#≈≈≈≈≈≈#
#≈≈≈≈≈≈#...≈≈≈≈≈≈≈#
#≈≈≈≈≈≈#...#≈≈≈≈≈≈#


You could see a quasit and a kobold.

Vanquished Creatures
  A kobold brigand (Sewer)
  A scorpion (D:2)
  Natasha (D:3)
  3 adders
  A shadow imp (Sewer)
  An ufetubus (Sewer)
  An adder zombie (Sewer)
  A bat zombie (Sewer)
  5 endoplasms
  2 giant cockroaches
  A goblin (D:2)
  4 hobgoblins
  A quokka (D:2)
  5 ball pythons
  A bat (D:3)
  3 frilled lizards (D:2)
  11 kobolds
  A rat (D:2)
44 creatures vanquished.

Vanquished Creatures (others)
  An adder zombie (Sewer)
  An endoplasm (Sewer)
2 creatures vanquished.

Grand Total: 46 creatures vanquished

Notes
Turn   | Place    | Note
-------+----------+-------------------------------------------
     0 | D:1      | qborf the Formicid Enchanter began the quest for the Orb.
     0 | D:1      | Reached XP level 1. HP: 13/13 MP: 3/3
   264 | D:1      | Found a faded altar of an unknown god.
   614 | D:2      | Reached XP level 2. HP: 20/20 MP: 5/5
   619 | D:1      | Learned a level 2 spell: Ensorcelled Hibernation
   655 | D:2      | Noticed a scorpion
  1023 | D:2      | Reached XP level 3. HP: 25/25 MP: 6/6
  1131 | D:2      | Killed a scorpion
  1132 | D:2      | Reached skill level 1 in Fighting
  1132 | D:2      | Reached XP level 4. HP: 32/32 MP: 4/7
  1411 | D:2      | Identified the ring "Iroaxo" {Fly Will+}
  1721 | D:3      | Got the Vellum of the Evil Tesseract
  1748 | D:3      | Noticed Natasha
  1752 | D:3      | Killed Natasha
  1753 | D:3      | Reached XP level 5. HP: 29/37 MP: 5/9
  1802 | D:3      | Found a glowing drain.
  1862 | Sewer    | Entered a sewer
  1864 | Sewer    | Reached skill level 5 in Stealth
  1886 | Sewer    | Learned a level 3 spell: Confusing Touch
  1890 | Sewer    | Learned a level 3 spell: Tukima's Dance
  2302 | Sewer    | Noticed a kobold brigand
  2317 | Sewer    | Killed a kobold brigand
  2318 | Sewer    | Reached skill level 5 in Hexes
  2318 | Sewer    | Reached XP level 6. HP: 12/44 MP: 3/10
  2322 | Sewer    | HP: 3/66 [poisoned by a kobold]
  2323 | Sewer    | HP: 1/66 [poisoned by a kobold]
  2324 | Sewer    | Succumbed to a kobold's poison

Illustrated notes

Levels and vault maps discovered:
D:1:      dpeg_arrival_tiny_f, layout_rooms, hellmonk_ecumenical_altar_zigzags,
          dreamdust_princess_bridge
D:2:      layout_rooms, kennysheep_generic_room_4
D:3:      layout_basic, portal_sewer_entry_d,
          amcnicky_mini_rare_corridor_liquid, uniq_natasha
Sewer:    kennysheep_sewer_church

Skill      XL: |  1  2  3  4  5 |
---------------+----------------+-----
Hexes          | 4 5 |  5.2
Stealth        | 4 5 |  5.4
Fighting       | 1 2 |  2.2
Short Blades   | 2 |  2.2
Spellcasting   | 3 |  3.0
Dodging        | |  1.7

Action                     |  1- 3 |  4- 6 || total
---------------------------+-------+-------++-------
  Melee: Dagger            |    29 |    68 ||    97
  Throw: Dart              |       |     2 ||     2
   Cast: Ensorcelled Hiber |     7 |    24 ||    31
         Confusing Touch   |       |     5 ||     5
    Use: Scroll            |       |     5 ||     5
         Potion            |       |     5 ||     5
   Stab: Sleeping          |     9 |    22 ||    31
         Confused          |       |     1 ||     1
 Armour: Robe              |     2 |     4 ||     6
  Dodge: Dodged            |    13 |    28 ||    41
